 Dungeon Crawl Stone Soup version 0.26.1-2-gb8aa6d0cf2 (webtiles) character file.

Game seed: 9623271091899106988

176168 promet the Warrior (level 17, -8/171 HPs)
             Began as a Minotaur Fighter on Feb 12, 2021.
             Was the Champion of Wu Jian.
             Mangled by an eight-headed hydra (9 damage)
             ... on level 4 of the Swamp on Feb 13, 2021.
             The game lasted 04:49:04 (36411 turns).

promet the Warrior (Minotaur Fighter)              Turns: 36411, Time: 04:49:04

Health: -8/171     AC: 27    Str: 23    XL:     17   Next: 50%
Magic:  18/18      EV: 11    Int:  8    God:    Wu Jian [******]
Gold:   2735       SH: 20    Dex: 18    Spells: 14/19 levels left

rFire    . . .     SeeInvis .   s - +2 trident (vamp)
rCold    . . .     Faith    .   c - +0 tower shield
rNeg     . . .     Spirit   .   u - +2 plate armour {rPois}
rPois    +         Reflect  .   (helmet unavailable)
rElec    .         Harm     .   Z - +0 cloak
rCorr    .         Rampage  .   J - +2 pair of gloves
Will     +....                  Q - +2 pair of boots {run}
Stlth    +.........             d - amulet of regeneration
HPRegen  0.78/turn              S - +6 ring of dexterity
MPRegen  0.16/turn              V - +4 ring of protection

@: marked, slowed, very slow
A: retaliatory headbutt, horns 3, camouflage 1
a: Renounce Religion, Wall Jump, Serpent's Lash, Heavenly Storm


You were on level 4 of the Swamp.
You worshipped Wu Jian.
Wu Jian was exalted by your worship.
You visited 4 branches of the dungeon, and saw 27 of its levels.

You collected 3992 gold pieces.
You spent 1257 gold pieces at shops.

Inventory:

Hand Weapons
 a - a +7 demon trident of electrocution
 b - a +0 hand crossbow
 i - a +2 rapier of flaming
 m - a +10 long sword
 s - a +2 vampiric trident (weapon)
 y - a +3 vorpal war axe
 U - the +5 falchion of Pino {freeze, rC+ Str+4}
   (You took it off an orc warrior on level 15 of the Dungeon)

   It has been specially enchanted to freeze those struck by it, causing extra
   injury to most foes and up to half again as much damage against particularly
   susceptible opponents.
   It can also slow down cold-blooded creatures.
   It affects your strength (+4).
   It protects you from cold.
 X - a +0 hunting sling
Missiles
 g - 34 poisoned darts
 l - 861 stones
 n - 224 sling bullets
 C - 38 boomerangs (quivered)
 D - 117 bolts
 K - 12 javelins
 M - 13 curare-tipped darts
Armour
 c - a +0 tower shield (worn)
 p - +4 steam dragon scales
 u - a +2 plate armour of poison resistance (worn)
 J - a +2 pair of gloves (worn)
 Q - a +2 pair of boots of running (worn)
 Z - a +0 cloak (worn)
Jewellery
 d - an amulet of regeneration (around neck)
 k - an uncursed ring of protection from cold
 A - an uncursed ring of see invisible
 O - an uncursed ring of poison resistance
 S - a +6 ring of dexterity (left hand)
 V - a +4 ring of protection (right hand)
 W - a +4 ring of evasion
Wands
 f - a wand of polymorph (26)
 v - a wand of iceblast (22)
 z - a wand of digging (38)
 F - a wand of acid (32)
 I - a wand of enslavement (12)
 T - a wand of random effects (31)
 Y - a wand of disintegration (21)
Scrolls
 e - 17 scrolls of remove curse
 q - 6 scrolls of teleportation
 w - 6 scrolls of identify
 B - 5 scrolls of fog
 E - a scroll of blinking
 N - a scroll of magic mapping
 R - 5 scrolls of fear
Potions
 h - 2 potions of cancellation
 j - 5 potions of flight
 o - a potion of invisibility
 r - 2 potions of heal wounds
 t - 7 potions of curing
 x - 3 potions of magic
 L - 2 potions of haste
 P - 4 potions of brilliance
Miscellaneous
 G - a tin of tremorstones (2/2)
 H - a condenser vane (inert)


   Skills:
 * Level 20.3 Fighting
 + Level 2.0(2.3) Short Blades
 + Level 1.8(2.3) Long Blades
 + Level 3.8(12.2) Axes
 + Level 17.2(17.3) Polearms
 + Level 0.8(7.0) Slings
 + Level 4.9 Crossbows
 + Level 10.1 Throwing
 + Level 7.7 Armour
 + Level 11.3 Dodging
 + Level 8.5 Stealth
 + Level 13.0 Shields
 + Level 0.1 Unarmed Combat
 + Level 1.9 Spellcasting
 + Level 1.9 Conjurations
 + Level 0.5 Translocations
 + Level 2.4 Evocations


You had 14 spell levels left.
You knew the following spells:

 Your Spells              Type           Power        Failure   Level
a - Magic Dart            Conj           12%          100%        1
b - Blink                 Tloc           N/A          100%        2
c - Searing Ray           Conj           6%           100%        2

Your spell library contained the following spells:

 Spells                   Type           Power        Failure   Level
 Corona                   Hex            0%           100%        1
 Sandblast                Erth           0%           100%        1
 Shock                    Conj/Air       8%           100%        1
 Call Imp                 Summ           0%           100%        2
 Ensorcelled Hibernation  Hex/Ice        0%           100%        2
 Passwall                 Tmut/Erth      0%           100%        2
 Poisonous Vapours        Pois/Air       0%           100%        2
 Slow                     Hex            0%           100%        2
 Swiftness                Air            0%           100%        2
 Confusing Touch          Hex            0%           100%        3
 Conjure Flame            Conj/Fire      2%           100%        3
 Dazzling Flash           Conj/Hex       4%           100%        3
 Gell's Gravitas          Tloc           0%           100%        3
 Inner Flame              Hex/Fire       0%           100%        3
 Mephitic Cloud           Conj/Pois/Air  1%           100%        3
 Portal Projectile        Hex/Tloc       2%           100%        3
 Static Discharge         Conj/Air       2%           100%        3
 Stone Arrow              Conj/Erth      4%           100%        3
 Airstrike                Air            0%           100%        4
 Animate Dead             Necr           0%           100%        4
 Cause Fear               Hex            0%           100%        4
 Fulminant Prism          Conj/Hex       1%           100%        4
 Iskenderun's Mystic Bla  Conj/Tloc      2%           100%        4
 Leda's Liquefaction      Hex/Erth       0%           100%        4
 Petrify                  Tmut/Erth      0%           100%        4
 Borgnjor's Vile Clutch   Necr/Erth      0%           100%        5
 Lee's Rapid Deconstruct  Erth           0%           100%        5
 Lightning Bolt           Conj/Air       1%           100%        5
 Metabolic Englaciation   Hex/Ice        0%           100%        5
 Silence                  Hex/Air        0%           100%        5
 Yara's Violent Unravell  Hex/Tmut       0%           100%        5
 Death Channel            Necr           0%           100%        6
 Freezing Cloud           Conj/Ice/Air   0%           100%        6
 Shadow Creatures         Summ           N/A          100%        6
 Simulacrum               Ice/Necr       0%           100%        6


Dungeon Overview and Level Annotations

Branches:
Dungeon (15/15)            Temple (0/1) D:7            Lair (6/6) D:10
  Swamp (4/4) Lair:2       Spider (0/4) Lair:4        Slime (0/5) Lair:5
    Orc (2/2) D:12            Elf (0/3) Orc:2        Vaults (0/5) D:14
 Depths (0/5) D:15

Altars:
Cheibriados
Fedhas
Hepliaklqana
Kikubaaqudgha
Makhleb
Nemelex Xobeh
Wu Jian
Xom
Jiyva

Shops:
D:7 [   D:12 ?   D:13 *??   Orc:2 [*!(

Portals:
Ice
Cave: Swamp:4

Annotations:
D:10 2 transporters
Swamp:1 1 runed translucent door


Innate Abilities, Weirdness & Mutations

You reflexively headbutt those who attack you in melee.
You have a pair of large horns on your head.
Your skin changes colour to match your surroundings (Stealth+).


Message History

You hit the five-headed hydra but do no damage.
You headbutt the five-headed hydra, but do no damage.
The five-headed hydra is severely wounded.
Your surroundings suddenly seem different.
Splash!
You fall into the shallow water.
Moving in this stuff is going to be slow.
A ghost crab comes into view.
The ghost crab breathes spectral mist at you.
The spectral mist engulfs you but does no damage.
The eight-headed hydra is engulfed in spectral mist.
The eight-headed hydra bites you but does no damage.
The eight-headed hydra bites you.
* * * LOW HITPOINT WARNING * * *
The eight-headed hydra bites you but does no damage. x2
You block the eight-headed hydra's attack. x2
The eight-headed hydra bites you.
* * * LOW HITPOINT WARNING * * *
The eight-headed hydra bites you!
You die...

.#..♣♣≈♣♣♣♣♣♣<≈.♣♣♣♣♣...♣
#.#. ♣♣ ♣♣♣..≈♣♣♣♣..♣♣
.#.. ♣♣♣♣♣♣≈.÷≈≈..≈...♣ D
.D♣♣.≈.♣≈:...≈t..≈≈<♣
≈≈≈≈.≈≈..≈....§§≈≈≈§♣
≈≈≈♣≈...♣.≈≈†.§.≈≈≈.♣
♣♣≈§.≈...≈.≈☼≈≈≈.♣♣
♣≈≈≈≈≈†...§♣§..♣♣♣
♣≈.≈≈≈≈≈≈§§@§§≈.♣♣♣♣♣♣
♣♣♣≈≈≈÷≈§§§D§§≈≈≈..≈.♣
♣≈≈†≈≈≈≈≈≈≈≈≈≈≈.≈≈.♣
♣≈≈≈≈≈≈§≈≈≈≈≈≈≈..≈≈♣ ♣
♣.≈≈≈≈≈≈≈≈≈≈≈≈.≈♣≈♣♣
♣♣♣≈≈≈♣♣..≈≈≈≈≈≈≈≈≈≈.≈≈.≈♣
≈ ♣≈≈≈≈≈...≈≈≈§≈≈≈≈≈≈≈≈≈.♣
♣ ♣♣≈≈♣♣♣♣♣♣♣≈≈≈≈≈≈≈≈♣♣♣♣♣
♣♣♣♣≈ ♣≈.≈♣≈.≈≈≈≈≈.≈


You could see an eight-headed hydra and a ghost crab.

Vanquished Creatures
  the Lernaean hydra (Swamp:4)
  Jorgrun (Swamp:3)
  Frances (Swamp:2)
  Gastronok (Lair:2)
  A thorn hunter (Swamp:1)
  Kirke (Lair:4)
  2 fenstrider witches (Swamp:2)
  2 orc warlords (Orc:1)
  3 bunyips
  4 dire elephants (Lair:6)
  6 eleionomae
  2 shambling mangroves
  2 boulder beetles
  A ghost crab (Swamp:4)
  26 hydras
  14 two-headed ogres
  A death knight (D:13)
  A centaur warrior (D:15)
  An anaconda (Lair:6)
  2 catoblepae
  2 dancing weapons
  3 ogre magi
  9 alligators
  10 death yaks
  Sonja (D:12)
  2 goliath frogs
  6 skeletal warriors
  3 spriggan druids
  2 deep trolls
  3 unseen horrors
  4 swamp dragons
  A harpy (shapeshifter) (D:15)
  Pikel (D:5)
  A wizard (D:15)
  3 orc knights
  9 bog bodies
  A necromancer (Lair:4)
  A faun (Lair:2)
  2 orc sorcerers (D:13)
  13 ugly things
  5 deep elf magi
  6 cyclopes
  2 manticores (D:11)
  9 will-o-the-wisps
  8 elephants
  4 black mambas
  2 naga magi (D:15)
  17 cane toads
  Psyche (D:9)
  5 orange demons (D:10)
  A gargoyle (D:13)
  An efreet (D:14)
  10 komodo dragons
  2 red devils (D:10)
  12 trolls
  11 tyrant leeches
  A bloated husk (Swamp:1)
  10 hornets
  3 polar bears
  24 blink frogs
  11 slime creatures
  A centaur simulacrum (D:14)
  5 dream sheep (Lair:6)
  2 shadows
  9 spriggans
  4 wyverns
  4 wraiths
  62 yaks
  Eustachio (D:5)
  3 fire bats (Lair:2)
  5 hogs (Lair:4)
  16 vampire mosquitoes
  8 basilisks
  A warg (Orc:1)
  Menkaure (D:5)
  16 swamp worms
  11 water moccasins
  7 swamp drakes
  A soldier ant (D:15)
  3 ice beasts
  19 orc warriors
  3 elephant zombies (Lair:4)
  25 ogres
  A phantom (D:8)
  6 sky beasts
  2 eyes of draining
  2 necrophages
  5 boggarts (D:15)
  54 wolves
  5 centaurs (D:13)
  Blork the orc (D:5)
  A komodo dragon zombie (Lair:4)
  2 big kobolds
  23 bullfrogs
  A wyvern zombie (D:10)
  A water moccasin zombie (D:7)
  A water moccasin skeleton (D:4)
  3 scorpions
  6 killer bees (D:9)
  13 wights
  7 howler monkeys
  4 electric eels
  2 lava snakes (Lair:2)
  3 bullfrog zombies
  A quasit (D:8)
  A basilisk zombie (Lair:4)
  4 hounds
  3 jellies
  15 orc priests
  22 orc wizards
  2 centaur skeletons
  An iguana (D:10)
  Jessica (D:3)
  2 bullfrog skeletons
  11 worker ants
  6 hell rats (Lair:4)
  A killer bee zombie (D:7)
  18 gnolls
  12 adders
  5 river rats (Lair:4)
  4 shadow imps
  4 ufetubi
  2 oozes
  An adder skeleton (D:9)
  3 worms
  4 dart slugs
  2 leopard geckos
  70 orcs
  10 bats
  6 giant cockroaches
  8 hobgoblins
  19 jackals
  4 quokkas
  3 ball pythons
  4 frilled lizards
  3 goblins
  17 kobolds
  A leopard gecko skeleton (D:5)
  A leopard gecko zombie (D:5)
  A quokka skeleton (D:4)
  2 quokka zombies
  10 rats
  A briar patch (Swamp:1)
930 creatures vanquished.

Vanquished Creatures (collateral kills)
  A cyclops (D:13)
  2 orc warriors (Orc:1)
  An ogre (Orc:1)
  An orc wizard (Orc:1)
  6 orcs
11 creatures vanquished.

Vanquished Creatures (others)
  A spriggan druid (Swamp:2)
  A bloated husk (Swamp:2)
  A centaur simulacrum (D:14)
  A bush (Lair:6)
  46 foxfires
  42 fungi
  63 plants
155 creatures vanquished.

Grand Total: 1096 creatures vanquished

Notes
Turn   | Place    | Note
-------+----------+-------------------------------------------
     0 | D:1      | promet the Minotaur Fighter began the quest for the Orb.
     0 | D:1      | Reached XP level 1. HP: 19/19 MP: 0/0
    80 | D:1      | Reached XP level 2. HP: 24/27 MP: 1/1
   367 | D:1      | Reached skill level 4 in Fighting
   535 | D:1      | Reached XP level 3. HP: 33/33 MP: 2/2
  1433 | D:2      | You fall into a shaft and drop 1 floor!
  1469 | D:2      | Reached XP level 4. HP: 28/40 MP: 3/3
  2307 | D:2      | Reached skill level 1 in Polearms
  2307 | D:2      | Reached XP level 5. HP: 47/47 MP: 4/4
  2345 | D:2      | Reached skill level 1 in Dodging
  2770 | D:3      | Found an ornate altar of the Wu Jian Council.
  2780 | D:3      | Became a worshipper of the Wu Jian Council
  2891 | D:3      | Noticed Jessica
  2894 | D:3      | Killed Jessica
  3778 | D:4      | Reached XP level 6. HP: 46/55 MP: 5/5
  4023 | D:4      | Reached skill level 1 in Throwing
  4029 | D:4      | Reached skill level 5 in Fighting
  4246 | D:4      | Reached skill level 1 in Stealth
  4365 | D:4      | Found a burning altar of Makhleb.
  4365 | D:4      | Noticed a blizzard demon
  4368 | D:4      | Noticed a hellwing
  4368 | D:4      | Noticed a ynoxinul
  4602 | D:4      | Found a blossoming altar of Fedhas.
  4677 | D:4      | Reached * piety under Wu Jian
  5236 | D:5      | Entered Level 5 of the Dungeon
  5249 | D:5      | Noticed Blork the orc
  5255 | D:5      | Reached XP level 7. HP: 48/61 MP: 6/6
  5258 | D:5      | Killed Blork the orc
  5259 | D:5      | Reached skill level 5 in Polearms
  5348 | D:5      | Noticed Pikel
  5353 | D:5      | Killed Pikel
  5354 | D:5      | Reached skill level 6 in Fighting
  5354 | D:5      | Reached XP level 8. HP: 44/71 MP: 7/7
  5850 | D:5      | Noticed Eustachio
  5870 | D:5      | Killed Eustachio
  5871 | D:5      | Reached skill level 7 in Fighting
  5996 | D:5      | Found a snail-covered altar of Cheibriados.
  6103 | D:5      | Found a shimmering altar of Xom.
  6106 | D:5      | Noticed Menkaure
  6115 | D:5      | Killed Menkaure
  6817 | D:6      | Found an ornate altar of the Wu Jian Council.
  7011 | D:6      | Learned a level 1 spell: Magic Dart
  7286 | D:6      | Reached XP level 9. HP: 79/79 MP: 8/8
  7518 | D:7      | Noticed a cyclops
  7709 | D:6      | Gained mutation: You have a pair of large horns on your
                  | head. [potion of mutation]
  7709 | D:6      | Gained mutation: Your skin changes colour to match your
                  | surroundings (Stealth+). [potion of mutation]
  7726 | D:7      | Killed a cyclops
  7882 | D:7      | Found a staircase to the Ecumenical Temple.
  7905 | D:7      | Found Eplek's Armour Shoppe.
  7908 | D:7      | Reached skill level 8 in Fighting
  8373 | D:8      | Reached ** piety under Wu Jian
  8528 | D:8      | Reached skill level 10 in Polearms
  9276 | D:9      | Reached skill level 5 in Dodging
  9279 | D:9      | Reached XP level 10. HP: 73/90 MP: 9/9
  9525 | D:9      | Found an ancient bone altar of Kikubaaqudgha.
  9559 | D:9      | Reached skill level 9 in Fighting
  9561 | D:9      | Reached *** piety under Wu Jian
 10032 | D:9      | Noticed Psyche
 10048 | D:9      | Killed Psyche
 10224 | D:9      | Found a sparkling altar of Nemelex Xobeh.
 10584 | D:10     | Entered Level 10 of the Dungeon
 10642 | D:10     | Noticed a red very ugly thing
 10643 | D:10     | Found a corrupted altar of Lugonu.
 10643 | D:10     | Found a staircase to the Lair.
 10715 | D:10     | Noticed an orange demon
 10715 | D:10     | Noticed an orange demon
 10715 | D:10     | Noticed an orange demon
 10728 | D:10     | Killed an orange demon
 10739 | D:10     | Killed an orange demon
 10745 | D:10     | Killed an orange demon
 10875 | D:10     | Reached skill level 10 in Fighting
 10899 | D:10     | Learned a level 2 spell: Blink
 10928 | D:10     | Noticed an orange demon
 10928 | D:10     | Noticed an orange demon
 10940 | D:10     | Killed an orange demon
 10964 | D:10     | Noticed an unseen horror
 11673 | D:9      | Reached skill level 5 in Stealth
 12246 | D:10     | Killed an orange demon
 12247 | D:10     | Reached XP level 11. HP: 101/101 MP: 11/11
 12667 | D:10     | Found a transporter.
 12670 | D:10     | Found a transporter.
 12670 | D:10     | Noticed a cyan ugly thing
 12670 | D:10     | Noticed a purple ugly thing
 12949 | D:11     | Noticed a cyan ugly thing
 12957 | D:11     | Killed a cyan ugly thing
 12958 | D:11     | Reached skill level 11 in Fighting
 13039 | D:11     | Reached skill level 1 in Conjurations
 13129 | D:11     | Noticed a deep elf mage
 13137 | D:11     | Killed a deep elf mage
 13493 | D:11     | Reached skill level 1 in Spellcasting
 13599 | D:11     | Reached **** piety under Wu Jian
 13600 | D:11     | Reached skill level 5 in Shields
 13959 | Lair:1   | Entered Level 1 of the Lair of Beasts
 14151 | D:7      | Bought a +1 pair of boots of running for 438 gold pieces
 15114 | Lair:1   | Learned a level 2 spell: Searing Ray
 15369 | Lair:2   | Found a staircase to the Swamp.
 15369 | Lair:2   | Noticed a bog body
 15369 | Lair:2   | Noticed a bog body
 15379 | Lair:2   | Killed a bog body
 15457 | Lair:2   | Killed a bog body
 15547 | Lair:2   | Noticed a four-headed hydra
 15600 | Lair:2   | Killed a four-headed hydra
 15601 | Lair:2   | Reached skill level 12 in Fighting
 15601 | Lair:2   | Reached XP level 12. HP: 88/112 MP: 13/13
 15790 | Lair:2   | Noticed a six-headed hydra
 15801 | Lair:2   | Killed a six-headed hydra
 15957 | Lair:2   | Reached skill level 5 in Throwing
 16135 | Lair:2   | Reached skill level 1 in Long Blades
 16238 | Lair:2   | Identified the +0 falchion of Destruction {pain, +Blink}
                  | (You found it on level 2 of the Lair of Beasts)
 16548 | Lair:2   | Noticed Gastronok
 16564 | Lair:2   | Killed Gastronok
 16962 | Lair:3   | Reached ***** piety under Wu Jian
 17157 | Lair:3   | Reached skill level 13 in Fighting
 17950 | Lair:4   | Reached XP level 13. HP: 123/123 MP: 14/14
 18563 | Lair:4   | Reached skill level 14 in Fighting
 18772 | Lair:4   | Noticed Kirke
 18915 | Lair:4   | Found a hole to the Spider Nest.
 19342 | Lair:4   | Killed Kirke
 20150 | Lair:5   | Found a staircase to the Slime Pits.
 20153 | Lair:5   | Found a viscous altar of Jiyva.
 20384 | Lair:5   | Reached skill level 15 in Fighting
 20693 | Lair:5   | Identified a scroll of acquirement
 20693 | Lair:5   | Acquired 996 gold pieces
 20766 | Lair:6   | Entered Level 6 of the Lair of Beasts
 20890 | Lair:6   | Reached ****** piety under Wu Jian
 20992 | Lair:6   | Reached XP level 14. HP: 133/135 MP: 15/15
 21077 | Lair:6   | Reached skill level 15 in Polearms
 21803 | Lair:6   | Reached skill level 1 in Evocations
 21808 | Lair:5   | Reached skill level 16 in Fighting
 21808 | Lair:5   | Reached skill level 1 in Crossbows
 22736 | Lair:6   | Reached skill level 10 in Dodging
 23458 | D:12     | Found a staircase to the Orcish Mines.
 23680 | D:12     | Noticed Sonja
 23687 | D:12     | Killed Sonja
 23914 | D:12     | Found Camicima's Magic Scroll Shop.
 23922 | D:12     | Bought a scroll of teleportation for 45 gold pieces
 23922 | D:12     | Bought a scroll of teleportation for 45 gold pieces
 23922 | D:12     | Bought a scroll of fear for 52 gold pieces
 23922 | D:12     | Bought a scroll of enchant weapon for 112 gold pieces
 23976 | D:12     | Found a hazy altar of Hepliaklqana.
 24280 | Orc:1    | Entered Level 1 of the Orcish Mines
 24297 | Orc:1    | Noticed an orc warlord
 24319 | Orc:1    | Killed an orc warlord
 24320 | Orc:1    | Reached skill level 10 in Shields
 24474 | Orc:2    | Entered Level 2 of the Orcish Mines
 24474 | Orc:2    | Found Dofrav's Antique Weapon Emporium.
 24497 | Orc:2    | Reached XP level 15. HP: 119/146 MP: 16/16
 24500 | Orc:1    | Reached skill level 1 in Short Blades
 24502 | Orc:1    | Reached skill level 17 in Fighting
 24545 | Orc:2    | Noticed an orc warlord
 24708 | Orc:1    | Killed an orc warlord
 25197 | Orc:2    | Found Daklag's Distillery.
 25203 | Orc:2    | Found Vyaseere's Assorted Antiques.
 25282 | Orc:2    | Found Idagut's Armour Shoppe.
 25378 | Orc:2    | Found a staircase to the Elven Halls.
 25440 | Orc:2    | Bought 2 potions of heal wounds for 180 gold pieces
 26664 | D:13     | Found Jeriumn's Magic Scroll Shop.
 26672 | D:13     | Bought a scroll of summoning for 161 gold pieces
 26672 | D:13     | Bought a scroll of enchant weapon for 127 gold pieces
 26710 | D:13     | Paralysed by an orc sorcerer for 5 turns
 26776 | D:13     | Found Rejisor's Assorted Antiques.
 27698 | D:13     | Found Ucvorphaz's Magic Scroll Shop.
 27702 | D:13     | Bought a scroll of enchant weapon for 97 gold pieces
 28127 | D:14     | Found a gate to the Vaults.
 28224 | D:14     | Reached skill level 18 in Fighting
 29239 | D:15     | Entered Level 15 of the Dungeon
 30017 | D:15     | Reached XP level 16. HP: 159/159 MP: 17/17
 30135 | D:15     | Identified the +5 falchion of Pino {freeze, rC+ Str+4}
 30683 | D:15     | Found a staircase to the Depths.
 31328 | Swamp:1  | Entered Level 1 of the Swamp
 31423 | Swamp:1  | Noticed a thorn hunter
 31434 | Swamp:1  | Killed a thorn hunter
 31477 | Swamp:1  | Found a runed translucent door.
 31640 | Swamp:1  | Reached skill level 5 in Armour
 31925 | Swamp:1  | Reached skill level 19 in Fighting
 33421 | Swamp:2  | Paralysed by a fenstrider witch for 2 turns
 33988 | Swamp:2  | Noticed Frances
 33997 | Swamp:2  | Killed Frances
 33998 | Swamp:2  | Reached XP level 17. HP: 162/169 MP: 18/18
 35176 | Swamp:3  | Noticed Jorgrun
 35191 | Swamp:3  | Killed Jorgrun
 35653 | Swamp:3  | Reached skill level 20 in Fighting
 35810 | Swamp:4  | Entered Level 4 of the Swamp
 36000 | Swamp:4  | Found a frozen archway.
 36203 | Swamp:4  | Noticed the 27-headed Lernaean hydra
 36212 | Swamp:4  | Killed the 27-headed Lernaean hydra
 36257 | Swamp:4  | Reached skill level 10 in Throwing
 36380 | Swamp:4  | Noticed a tentacled monstrosity
 36409 | Swamp:4  | HP: 4/171 [five-headed hydra (8)]
 36411 | Swamp:4  | HP: 1/171 [eight-headed hydra (4)]
 36411 | Swamp:4  | Mangled by an eight-headed hydra

Illustrated notes

Levels and vault maps discovered:
D:1:      doesnt_arrival_eight_statues, layout_basic
D:2:      layout_basic
D:3:      layout_loops_ring, nzn_wu_jian_council_hall, uniq_jessica
D:4:      layout_layer_cave, makhleb_altar_promises_db, lemuel_statue_altar,
          uniq_crazy_yiuf_cottage
D:5:      layout_basic, kennysheep_little_box, lemuel_crystal_altar,
          minmay_misc_feat_pillars, ebering_dispersal_statue_hall,
          uniq_menkaure, uniq_eustachio, uniq_blork_the_orc, uniq_pikel
D:6:      layout_gridville, basic_altar, grunt_decor_arrowhead
D:7:      layout_rooms, minmay_temple_entry_from_below_a, serial_shops,
          nicolae_shop_temple_entry_statues_fountains
D:8:      layout_rooms
D:9:      layout_loops_corners, kiku_gazebo_pond_becter, basic_altar,
          uniq_psyche
D:10:     gammafunk_corrupted_shrine, layout_long_grid, lair_entry_dummy,
          chequers_serial_rivers_micro_c, minmay_beelzebubs_servants
D:11:     layout_long_grid, serial_bayou_crossing
D:12:     layout_loops_ring, orc_0_dummy, serial_shops, shop, basic_altar,
          uniq_sonja
D:13:     layout_stronghold, serial_shops, shop, kennysheep_mini_moat,
          shop_statue, gauntlet_entry_generic
D:14:     layout_roguey, erik_vaults_1, nicolae_sextant
D:15:     grunt_enter_depths_magical_seal, layout_stronghold,
          hangedman_glass_teeth
Lair:1:   layout_hall_layers, st_stairs_4, grunt_megastairs_3,
          infiniplex_staircase_pool_2
Lair:2:   layout_gridlike, skrybe_swamp_entry_bodies,
          grunt_forest_large_clearings, lemuel_fruit_tree, uniq_gastronok
Lair:3:   layout_cave_pods, cheibrodos_lair_caveside_slide, grunt_megastairs_1
Lair:4:   pond_and_an_island_with_a_cottage, layout_big_grid,
          spider_nest_entry_web_field, enter_volcano_4,
          small_statue_intersection, kennysheep_abandoned_house,
          lemuel_fruit_fields, serial_bayou_shore_a, uniq_kirke
Lair:5:   layout_hall_layers, slime_altar_1, amcnicky_mini_pool_medium
Lair:6:   due_jungle_book, layout_regular_city, grunt_megastairs_4
Swamp:1:  gammafunk_mikee_crab_dinner, layout_basic_swamp,
          nicolae_swamp_very_dense_foliage
Swamp:2:  nzn_winding_woodlands_cross [nzn_winding_woodlands_5x15_pool,
          nzn_winding_woodlands_5x15_cabin, nzn_winding_woodlands_5x15_jagged,
          nzn_winding_woodlands_5x15_sidewinder,
          nzn_winding_woodlands_15x15_witchcraft], layout_falls_marsh,
          evilmike_swamp_ruin_rubble_2, uniq_frances
Swamp:3:  layout_basic_swamp, nicolae_swamp_triple_paths,
          nicolae_swamp_trees_clearing, swamp_pool3, uniq_jorgrun
Swamp:4:  swamp_old_school, layout_basic_swamp,
          portal_ice_cave_entry_pillars_four, ebering_ghost_reflecting_pool,
          swamp_pool5, grunt_ruined_hall
Orc:1:    layout_diamond_mine
Orc:2:    st_orc_open, layout_caves

Skill      XL: |  1  2  3  4  5  6  7  8  9 10 11 12 13 14 15 16 17 |
---------------+----------------------------------------------------+-----
Armour         | 4 6 7 |  7.7
Fighting       | 4 5 6 7 8 10 12 13 15 16 18 19 20 | 20.3
Axes           | 3 |  3.8
Shields        | 4 5 7 9 10 11 12 13 | 13.0
Polearms       | 1 2 4 6 8 10 12 13 14 15 16 17 | 17.2
Dodging        | 1 2 3 4 5 7 8 9 10 11 | 11.3
Throwing       | 1 2 3 4 5 7 8 9 10 | 10.1
Stealth        | 1 3 4 5 6 7 8 |  8.5
Conjurations   | 1 |  1.9
Spellcasting   | 1 |  1.9
Long Blades    | 1 |  1.8
Evocations     | 1 2 |  2.4
Crossbows      | 2 4 |  4.9
Short Blades   | 1 2 |  2.0
Slings         | |  0.8
Unarmed Combat | |  0.1
Translocations | |  0.5

Action                   |  1- 3 |  4- 6 |  7- 9 | 10-12 | 13-15 | 16-18 || total
-------------------------+-------+-------+-------+-------+-------+-------++-------
Melee: War axe           |    63 |     2 |       |       |       |       ||    65
       Headbutt          |     8 |    18 |    26 |    99 |   302 |   139 ||   592
       Halberd           |       |   142 |   193 |    96 |     7 |       ||   438
       Trident           |       |    14 |       |     6 |       |     4 ||    24
       Demon trident     |       |       |       |   401 |  1223 |   631 ||  2255
       Long sword        |       |       |       |     5 |       |       ||     5
       Dagger            |       |       |       |       |     5 |       ||     5
       Unarmed           |       |       |       |       |     2 |       ||     2
       Rapier            |       |       |       |       |    20 |       ||    20
 Fire: Hunting sling     |       |       |       |     1 |     8 |       ||     9
       Hand crossbow     |       |       |       |       |    62 |    34 ||    96
Throw: Dart              |     2 |    11 |    27 |    26 |       |       ||    66
       Javelin           |       |       |       |     9 |    10 |       ||    19
       Boomerang         |       |       |       |    24 |   147 |   107 ||   278
 Cast: Magic Dart        |       |       |    11 |    11 |       |       ||    22
       Blink             |       |       |       |       |     2 |       ||     2
Invok: Lunge             |       |    13 |    25 |    56 |   119 |    38 ||   251
       Whirlwind         |       |       |    15 |    35 |   293 |    98 ||   441
       Heavenly Storm    |       |       |       |       |     1 |       ||     1
 Abil: Wall Jump         |       |       |       |       |     2 |       ||     2
Evoke: Wand              |       |       |     1 |    10 |    14 |    10 ||    35
       Tin of tremorston |       |       |       |       |     2 |       ||     2
       Condenser vane    |       |       |       |       |     1 |     4 ||     5
  Use: Scroll            |     7 |     4 |     5 |    12 |    18 |     9 ||    55
       Potion            |     6 |       |     4 |     5 |     4 |     9 ||    28
 Stab: Sleeping          |       |     2 |     7 |     9 |    25 |     6 ||    49
       Distracted        |       |       |     1 |     1 |     2 |       ||     4
Armor: Scale mail        |    97 |       |       |       |       |       ||    97
       Steam dragon scal |       |    47 |    53 |    99 |   249 |     9 ||   457
       Plate armour      |       |       |       |       |       |   210 ||   210
Dodge: Dodged            |    63 |    98 |   128 |   192 |   434 |   130 ||  1045
Block: Kite shield       |    84 |    13 |       |   159 |   195 |       ||   451
       Tower shield      |       |       |       |       |   286 |   361 ||   647
       Rpst.: Long sword |       |       |       |     5 |       |       ||     5
